 Dungeon Crawl Stone Soup version 0.23.2-1-ga50397a6bc (webtiles) character file.

Game seed: 10311881997675773390

14942 Foic the Grappler (level 11, -3/117 HPs)
             Began as a Troll Fighter on May 19, 2019.
             Slain by an eight-headed hydra (14 damage)
             ... on level 1 of the Lair of Beasts.
             The game lasted 00:42:40 (11157 turns).

Foic the Grappler (Troll Fighter)                  Turns: 11157, Time: 00:42:42

Health: -3/117     AC: 10    Str: 27    XL:     11   Next: 95%
Magic:  10/10      EV: 17    Int:  4    God:
Gold:   623        SH: 13    Dex: 14    Spells: 10/10 levels left

rFire    . . .     SeeInvis .   a - +0 blowgun
rCold    . . .     Gourm    +   b - +1 shield
rNeg     . . .     Faith    .   S - +0 steam dragon scales
rPois    .         Spirit   .   (helmet restricted)
rElec    .         Reflect  .   p - +0 cloak
rCorr    .         Harm     .   (gloves unavailable)
MR       .....     Clarity  +   (boots unavailable)
Stlth    ++........             (no amulet)
HPRegen  0.69/turn              O - +3 ring of dexterity
MPRegen  0.12/turn              R - +3 ring of evasion

@: no status effects
A: large, unfitting armour, claws 3, clarity, fast metabolism 3, gourmand,
regeneration 1, robust 1, shaggy fur 1, tough skin 3
a: no special abilities


You were on level 1 of the Lair of Beasts.
You were very full.

You visited 3 branches of the dungeon, and saw 14 of its levels.
You also visited: Sewer.

You collected 623 gold pieces.

Inventory:

Hand Weapons
 a - a +0 blowgun (weapon)
 j - a +3 flail of crushing
 L - the +8 war axe "Death Rattle" {chop, *Drain +Blink Str+4 SInv}
   (You found it on level 8 of the Dungeon)

   It inflicts extra damage upon your enemies.
   It affects your strength (+4).
   It lets you see invisible.
   It lets you blink.
   It causes draining when unequipped.
 Y - the cursed +3 flail "Mapuv" {pain, -Tele rPois rC+++ Dex+3}
   (You found it on level 1 of the Lair of Beasts)

   In the hands of one skilled in necromantic magic, it inflicts extra damage on
   living creatures.
   It affects your dexterity (+3).
   It renders you almost immune to cold.
   It protects you from poison.
   It prevents most forms of teleportation.
   It has a curse placed upon it.
Missiles
 e - 373 stones
 f - a curare-tipped needle (quivered)
 o - 43 poisoned needles
 D - a silver tomahawk
 E - 4 javelins
 G - 15 tomahawks
 T - 14 throwing nets
Armour
 b - a +1 shield (worn)
 p - a +0 cloak (worn)
 Q - a +0 robe
 S - +0 steam dragon scales (worn)
 X - the cursed +0 robe of Ykhli Syi {rElec rC+ rN+ Dex+2}
   (You found it on level 10 of the Dungeon)

   It affects your dexterity (+2).
   It protects you from cold.
   It insulates you from electricity.
   It protects you from negative energy.
   It has a curse placed upon it.
Jewellery
 n - an uncursed ring of ice
 x - an uncursed ring of teleportation
 y - an uncursed ring of wizardry
 F - an uncursed ring of magical power
 K - an uncursed ring of ice
 N - an uncursed ring of ice
 O - a +3 ring of dexterity (left claw)
 R - a +3 ring of evasion (right claw)
 U - an uncursed amulet of rage
Wands
 q - a wand of random effects (18)
 A - a wand of digging (9)
 J - a wand of paralysis (9)
Scrolls
 h - 8 scrolls of teleportation
 l - 2 scrolls of amnesia
 m - a scroll of noise {unknown}
 s - 16 scrolls of remove curse
 u - a scroll of blinking
 v - 5 scrolls of fear
 w - 4 scrolls of fog
 z - a scroll of enchant weapon
 B - 5 scrolls of identify
 C - 2 scrolls of immolation {unknown}
 I - a scroll of vulnerability {unknown}
 P - a scroll of enchant armour
Potions
 c - 3 potions of might
 g - 5 potions of curing
 i - a potion of magic
 k - 2 potions of agility
 r - a potion of invisibility {unknown}
 t - 6 potions of flight
 H - 2 potions of haste
 M - a potion of lignification
Miscellaneous
 W - a lightning rod (4/4)
Comestibles
 d - 24 rations


   Skills:
 * Level 6.8 Fighting
 + Level 1.0 Throwing
 * Level 8.1 Dodging
 + Level 2.0 Stealth
 * Level 9.1 Shields
 + Level 11.1 Unarmed Combat


You had 10 spell levels left.
You didn't know any spells.
Your spell library contained the following spells:

 Spells                   Type           Power        Failure   Level  Hunger
 Corona                   Hex            #......      50%         1    ##.....
 Ensorcelled Hibernation  Hex/Ice        #.....       65%         2    ###....
 Slow                     Hex            #.......     65%         2    ###....
 Confuse                  Hex            #.......     86%         3    ####...
 Dazzling Spray           Conj/Hex       #.....       86%         3    ####...
 Inner Flame              Hex/Fire       #.......     86%         3    ####...
 Portal Projectile        Hex/Tloc       #.....       86%         3    ####...
 Tukima's Dance           Hex            #.......     86%         3    ####...
 Cause Fear               Hex            #.........   99%         4    #####..
 Leda's Liquefaction      Hex/Erth       #.........   99%         4    #####..


Dungeon Overview and Level Annotations

Branches:
Dungeon (11/15)            Temple (1/1) D:5            Lair (2/6) D:10
  Swamp: Lair:2-4    Shoals: Lair:2-4     Snake: Lair:2-4    Spider: Lair:2-4
    Orc: D:9-12

Altars:
Ashenzari
Cheibriados
Dithmenos
Elyvilon
Fedhas
Gozag
Hepliaklqana
Kikubaaqudgha
Makhleb
Nemelex Xobeh
Okawaru
Qazlal
Ru
Sif Muna
Trog
Uskayaw
Vehumet
Wu Jian
Xom
Yredelemnul
Zin
The Shining One

Annotations:
Lair:1 exclusion: oklob plant


Innate Abilities, Weirdness & Mutations

You are too large for most types of armour.
You have claws for hands.
Your metabolism is lightning-fast.
You like to eat raw meat.
Your natural rate of healing is unusually fast.
You are covered in fur. (AC +1)
You have extremely tough skin. (AC +3)
You possess an exceptional clarity of mind.
You are robust. (+10% HP)


Message History

The eight-headed hydra closely misses you.
The eight-headed hydra bites you but does no damage.
You block the eight-headed hydra's attack.
The eight-headed hydra completely misses you.
The eight-headed hydra closely misses you.
A mysterious force pulls you upwards. The hatch slams shut behind you.
Level annotation: exclusion: oklob plant The bullfrog misses you.
The eight-headed hydra bites you!
You block the eight-headed hydra's attack.
The eight-headed hydra barely misses you.
The eight-headed hydra bites you.
* * * LOW HITPOINT WARNING * * *
The eight-headed hydra bites you!
* * * LOW HITPOINT WARNING * * *
The eight-headed hydra bites you.
* * * LOW HITPOINT WARNING * * *
The eight-headed hydra bites you!
* * * LOW HITPOINT WARNING * * *
The eight-headed hydra bites you!
You die...

.>..............P#.##.....#####..
##.##...##....#.......#..## #..
######.##..##...#####....## #.#
.# #...##.###.########...### #.#
P# ##.##P..................###..
######.##........######..##.#....
P#.##..P####.P...######..##.#.###
.......## #.#....P##P#...#.#.###
#P[.)### ##...D@...........#..#
###### #....F...###........## .#
### ##.#......>..........#
#####.# #...#.#####..#.....##
......## ##.#### ######.#..##
###....# #.# ###.... ###....##
###'### ###.. ##......# #≈≈≈≈≈#
### .#......###≈≈≈≈≈# #


You could see an eight-headed hydra and a bullfrog.

Vanquished Creatures
  Snorg (D:10)
  Harold (D:7)
  A death knight (D:10)
  A two-headed ogre (D:9)
  A skeletal warrior (D:9)
  A lindwurm (Lair:2)
  Maurice (D:8)
  2 black mambas
  Joseph (D:8)
  2 komodo dragons (Lair:1)
  A freezing wraith (D:10)
  Grinder (D:5)
  3 hippogriffs
  A spriggan (D:7)
  2 wraiths (D:9)
  A wyvern (D:10)
  2 basilisks (D:10)
  15 yaks
  A steam dragon (D:8)
  Menkaure (D:5)
  A hungry ghost (D:10)
  Edmund (D:4)
  3 water moccasins
  Duvessa (D:6)
  A porcupine (Lair:1)
  A black bear (D:9)
  An orc warrior (D:10)
  4 sky beasts
  A phantom (D:10)
  3 ogres
  5 centaurs
  6 crocodiles
  2 big kobolds
  3 gnoll sergeants (D:9)
  7 bullfrogs
  Dowan (D:6)
  2 scorpions
  An electric eel (D:9)
  7 crimson imps
  A quasit (D:11)
  12 hounds
  4 orc priests
  4 gnoll shamans
  A bullfrog zombie (D:5)
  2 iguanas
  3 orc wizards
  5 worker ants
  A hound skeleton (D:4)
  2 worker ant zombies
  28 gnolls
  2 howler monkey skeletons
  13 adders
  2 shadow imps
  2 oozes
  An adder skeleton (D:6)
  5 worms
  A dart slug (D:2)
  4 leopard geckos
  15 orcs
  6 giant cockroaches
  7 goblins
  5 hobgoblins
  15 jackals
  6 quokkas
  2 ball pythons
  14 bats
  5 frilled lizards
  16 kobolds
  3 leopard gecko skeletons
  A quokka skeleton (D:4)
  8 rats
287 creatures vanquished.

Vanquished Creatures (others)
  A gnoll (D:9)
  A fungus (Lair:2)
  A plant (Lair:2)
3 creatures vanquished.

Grand Total: 290 creatures vanquished

Notes
Turn   | Place    | Note
-------+----------+-------------------------------------------
     0 | D:1      | Foic the Troll Fighter began the quest for the Orb.
     0 | D:1      | Reached XP level 1. HP: 22/22 MP: 0/0
   167 | D:1      | Found a shattered altar of Ashenzari.
   267 | D:1      | Reached XP level 2. HP: 29/29 MP: 1/1
   855 | D:2      | Reached XP level 3. HP: 13/36 MP: 2/2
  1422 | D:2      | Reached XP level 4. HP: 45/45 MP: 3/3
  1478 | D:3      | Found a glowing drain.
  1527 | Sewer    | Entered a sewer
  2010 | D:3      | Reached XP level 5. HP: 53/53 MP: 4/4
  2034 | D:3      | Reached skill level 3 in Unarmed Combat
  2111 | D:3      | Found a faded altar of an unknown god.
  2605 | D:4      | Reached XP level 6. HP: 38/61 MP: 5/5
  2861 | D:4      | Noticed Edmund
  2875 | D:4      | Killed Edmund
  3022 | D:4      | Reached skill level 4 in Unarmed Combat
  3194 | D:5      | Entered Level 5 of the Dungeon
  3390 | D:5      | Reached XP level 7. HP: 67/67 MP: 6/6
  3450 | D:5      | Noticed Menkaure
  3463 | D:5      | Killed Menkaure
  3537 | D:5      | Found a staircase to the Ecumenical Temple.
  3548 | Temple   | Entered the Ecumenical Temple
  4191 | D:5      | Noticed Grinder
  4210 | D:5      | Killed Grinder
  4210 | D:5      | Reached skill level 5 in Unarmed Combat
  4210 | D:5      | Reached XP level 8. HP: 66/78 MP: 7/7
  4500 | D:6      | Reached skill level 5 in Shields
  4854 | D:6      | Noticed Dowan
  4855 | D:6      | Noticed Duvessa
  4863 | D:6      | Killed Duvessa
  4869 | D:6      | Killed Dowan
  4869 | D:6      | Reached skill level 6 in Unarmed Combat
  4877 | D:6      | Gained mutation: You are agile. (Dex +2) [potion of
                  | mutation]
  4877 | D:6      | Lost mutation: You are agile. (Dex +2) [potion of mutation]
  4877 | D:6      | Gained mutation: You possess an exceptional clarity of
                  | mind. [potion of mutation]
  4877 | D:6      | Gained mutation: You are robust. (+10% HP) [potion of
                  | mutation]
  5299 | D:7      | Noticed Harold
  5453 | D:7      | Killed Harold
  5453 | D:7      | Reached skill level 5 in Dodging
  5453 | D:7      | Reached skill level 1 in Stealth
  5453 | D:7      | Reached skill level 7 in Unarmed Combat
  5453 | D:7      | Reached XP level 9. HP: 30/93 MP: 8/8
  6264 | D:8      | Noticed Joseph
  6275 | D:8      | Killed Joseph
  6275 | D:8      | Reached skill level 5 in Fighting
  6428 | D:8      | Got a fine war axe
  6434 | D:8      | Identified the +8 war axe "Death Rattle" {chop, *Drain
                  | +Blink Str+4 SInv} (You found it on level 8 of the Dungeon)
  6538 | D:8      | Found a snail-covered altar of Cheibriados.
  6685 | D:8      | Reached skill level 8 in Unarmed Combat
  6839 | D:8      | Noticed Maurice
  6849 | D:8      | Killed Maurice
  7031 | D:8      | Reached XP level 10. HP: 105/105 MP: 9/9
  7203 | D:9      | Noticed a two-headed ogre
  7213 | D:9      | Killed a two-headed ogre
  7524 | D:9      | Reached skill level 9 in Unarmed Combat
  7578 | D:8      | Reached skill level 1 in Throwing
  8537 | D:10     | Entered Level 10 of the Dungeon
  8650 | D:10     | Found a staircase to the Lair.
  8711 | D:10     | Noticed a death knight
  8711 | D:10     | Noticed a skeletal warrior
  8853 | D:9      | Killed a skeletal warrior
  8853 | D:9      | Reached XP level 11. HP: 64/115 MP: 10/10
  9023 | D:10     | Killed a death knight
  9023 | D:10     | Reached skill level 10 in Unarmed Combat
  9290 | D:10     | Got an ancient robe
  9307 | D:10     | Identified the cursed +0 robe of Ykhli Syi {rElec rC+ rN+
                  | Dex+2} (You found it on level 10 of the Dungeon)
  9518 | D:10     | Noticed Snorg
  9564 | D:10     | Killed Snorg
  9811 | Lair:1   | Entered Level 1 of the Lair of Beasts
  9888 | Lair:1   | Got a dazzling flail
  9889 | Lair:1   | Identified the cursed +3 flail "Mapuv" {pain, -Tele rPois
                  | rC+++ Dex+3} (You found it on level 1 of the Lair of
                  | Beasts)
  9960 | Lair:1   | Noticed an oklob plant
 10737 | Lair:2   | Noticed a lindwurm
 10746 | Lair:2   | Killed a lindwurm
 10746 | Lair:2   | Reached skill level 11 in Unarmed Combat
 10854 | Lair:2   | Noticed an eight-headed hydra
 11157 | Lair:1   | Slain by an eight-headed hydra

Skill      XL: |  1  2  3  4  5  6  7  8  9 10 11 |
---------------+----------------------------------+-----
Fighting       | 3 4 5 6 |  6.8
Shields        | 3 4 6 8 9 |  9.1
Dodging        | 3 4 5 6 7 8 |  8.1
Unarmed Combat | 3 4 5 7 8 9 11 | 11.1
Stealth        | 1 2 |  2.0
Throwing       | 1 |  1.0

Action                   |  1- 3 |  4- 6 |  7- 9 | 10-12 || total
-------------------------+-------+-------+-------+-------++-------
Melee: Unarmed           |   136 |   194 |   269 |   480 ||  1079
       Flail             |       |       |       |     2 ||     2
 Fire: Blowgun           |       |       |       |     3 ||     3
Throw: Tomahawk          |       |     4 |     1 |       ||     5
       Stone             |       |     1 |     1 |    17 ||    19
  Use: Scroll            |     4 |     1 |     6 |     5 ||    16
       Potion            |       |       |    15 |       ||    15
 Stab: Sleeping          |     1 |       |     1 |     3 ||     5
  Eat: Chunk             |    19 |    14 |    33 |    41 ||   107
       Ration            |       |       |     1 |       ||     1
Armor: Robe              |    38 |    63 |    43 |       ||   144
       Skin              |       |       |     1 |       ||     1
       Steam dragon scal |       |       |       |    68 ||    68
Dodge: Dodged            |    34 |    48 |    53 |   242 ||   377
Block: Shield            |    59 |    84 |   104 |   354 ||   601
